[Event "Titled Tuesday Blitz October 11 Early 2022"]
[White "Yeletsky, Ivan"]
[Black "Hanley, Craig A"]
[WhiteFideId "24180327"]
[BlackFideId "408514"]
[WhiteElo "2391"]
[BlackElo "2439"]
[Result "1-0"]
[Round "01"]
[TimeControl "180+1"]
[Date "2022.10.12"]
[WhiteClock "0:00:17"]
[BlackClock "0:00:05"]

1. Nf3 Nf6 2. g3 g6 3. Bg2 Bg7 4. d3 d5 5. O-O O-O 6. Bf4 Bg4 7. Nbd2 Re8 8. Ne5 Bc8 9. e4 c6 10. Nef3 Nh5 11. Be5 Nf6 12. Bc3 Nbd7 13. e5 Ng4 14. d4 f6 15. Re1 Nf8 16. b3 a5 17. a4 Nh6 18. Bb2 Bg4 19. Qc1 Qd7 20. c4 Rad8 21. Ba3 Bh3 22. Qc3 Bxg2 23. Kxg2 b6 24. Rac1 Nf5 25. cxd5 cxd5 26. Qc6 Ne6 27. Bb2 Kf7 28. Qxb6 Rb8 29. Qxa5 h5 30. Qc3 Bh6 31. Qc6 Qxc6 32. Rxc6 g5 33. Rxe6 Kxe6 34. exf6+ Kxf6 35. Ne5 g4 36. Nd7+ Kf7 37. Nxb8 Bxd2 38. Re2 Rxb8 39. Rxd2 Rxb3 40. Re2 Rb4 41. Bc3 Rxa4 42. Rd2 e6 43. h3 Rc4 44. Rd3 Kf6 45. h4 Nd6 46. Bd2 Ne4 47. Bf4 Rc2 48. Be3 Nd6 49. Rb3 Nc4 50. Bf4 Kf5 51. Rb7 Ke4 52. Re7 Kf5 53. Rh7 Nb2 54. Rxh5+ Kg6 55. Rg5+ Kf6 56. Rxg4 Nc4 57. h5 Ra2 58. h6 Ra7 59. Rh4 Rh7 60. Kf3 Kg6 61. Ke2 Nb6 62. Rg4+ Kf6 63. Rg7 Rxg7 64. Be5+ Kf7 65. hxg7 Nc4 66. f4 Nb6 67. Kd3 Nc8 68. g4 Ne7 69. Ke3 Kg6 70. Kf3 Ng8 71. Kg3 Nh6 72. Kf3 Ng8 73. Ke3 Nh6 74. g5 Ng8 75. Kd3 Kf5 76. Kc3 Kg6 77. Kb4 Kf7 78. Kc5 Ne7 79. Kd6 Nf5+ 80. Kd7 Ne3 81. g8=Q+ Kxg8 82. Kxe6 Kh7 83. f5 1-0


[Site "https://www.chess.com"]

[Event "Titled Tuesday Blitz October 11 Early 2022"]
[White "Zaksaite, Salomeja"]
[Black "Turayev, Shahruh"]
[WhiteFideId "12801496"]
[BlackFideId "14003856"]
[WhiteElo "2094"]
[BlackElo "2621"]
[Result "0-1"]
[Round "01"]
[TimeControl "180+1"]
[Date "2022.10.12"]
[WhiteClock "0:00:02"]
[BlackClock "0:01:01"]

1. e4 e6 2. d4 d5 3. Nc3 Bb4 4. e5 Ne7 5. Qg4 c5 6. a3 Qa5 7. Bd2 cxd4 8. Qxd4 Nbc6 9. Qg4 d4 10. axb4 Qxa1+ 11. Nd1 O-O 12. Nf3 Ng6 13. Qh5 a5 14. bxa5 Rxa5 15. Bd3 Rxe5+ 16. Nxe5 Ncxe5 17. O-O Nxd3 18. cxd3 Qb1 19. Qf3 Qc2 20. Qe4 Qxd2 0-1


[Site "https://www.chess.com"]

[Event "Titled Tuesday Blitz October 11 Early 2022"]
[White "Zemlyanskii, Ivan"]
[Black "Moreno Perez, Tobias Sebastian"]
[WhiteFideId "24249971"]
[BlackFideId "186716"]
[WhiteElo "2107"]
[BlackElo "2478"]
[Result "1-0"]
[Round "01"]
[TimeControl "180+1"]
[Date "2022.10.12"]
[WhiteClock "0:00:31"]
[BlackClock "0:00:16"]

1. d4 d5 2. c4 c6 3. Nf3 Nf6 4. e3 Bf5 5. cxd5 cxd5 6. Qb3 Qc7 7. Bd2 e6 8. Bb5+ Nc6 9. O-O a6 10. Bxc6+ Qxc6 11. Rc1 Qb5 12. Qxb5+ axb5 13. Nc3 Bd3 14. Ne5 Bc4 15. b3 b4 16. bxc4 bxc3 17. Bxc3 Bd6 18. Rab1 O-O 19. Rxb7 Rxa2 20. c5 Bxe5 21. dxe5 Ne4 22. Bd4 f6 23. exf6 gxf6 24. c6 e5 25. c7 Raa8 26. Rcb1 exd4 27. Rb8 Nd6 28. Rxa8 1-0


[Site "https://www.chess.com"]

[Event "Titled Tuesday Blitz October 11 Early 2022"]
[White "Zhao, Jun"]
[Black "D`Arruda, Ricardo D."]
[WhiteFideId "8602522"]
[BlackFideId "100692"]
[WhiteElo "2547"]
[BlackElo "2419"]
[Result "0-1"]
[Round "01"]
[TimeControl "180+1"]
[Date "2022.10.12"]
[WhiteClock "0:00:02"]
[BlackClock "0:00:52"]

1. e4 c5 2. Nf3 Nc6 3. Bb5 g6 4. Bxc6 dxc6 5. d3 c4 6. dxc4 Qxd1+ 7. Kxd1 Nf6 8. Nc3 Bg7 9. Bf4 Be6 10. Nd2 Ng4 11. Ke2 Ne5 12. Bxe5 Bxe5 13. Nd1 O-O-O 14. c3 f5 15. Ne3 Rhf8 16. f3 Bf4 17. g3 Bh6 18. f4 fxe4 19. Nxe4 Bg7 20. Rad1 Rde8 21. Kd2 Kc7 22. b3 Bc8 23. Rhe1 e5 24. fxe5 Rxe5 25. Nc2 Bg4 26. Rb1 Rd8+ 27. Kc1 Rde8 28. h3 Bf5 29. Kb2 Rxe4 0-1


[Site "https://www.chess.com"]

[Event "Titled Tuesday Blitz October 11 Early 2022"]
[White "Zhigalko, Sergei"]
[Black "Reprintsev, Alexander"]
[WhiteFideId "13502956"]
[BlackFideId "14100541"]
[WhiteElo "2662"]
[BlackElo "2230"]
[Result "1-0"]
[Round "01"]
[TimeControl "180+1"]
[Date "2022.10.11"]
[WhiteClock "0:00:06"]
[BlackClock "0:00:10"]

1. e4 d5 2. exd5 Qxd5 3. Nc3 Qa5 4. d4 Nf6 5. Nf3 Nc6 6. Bb5 Ne4 7. a4 Nxc3 8. bxc3 a6 9. Bxc6+ bxc6 10. O-O Bg4 11. Qd3 e6 12. Ne5 Bf5 13. Qg3 Bd6 14. Bf4 Bxe5 15. Bxe5 O-O-O 16. Qxg7 Rhg8 17. Qxf7 Rdf8 18. Qe7 Re8 19. Qb4 Qxb4 20. cxb4 Bxc2 21. f3 Bb3 22. Kf2 Kd7 23. Rfb1 Bd5 24. b5 axb5 25. axb5 cxb5 26. Ra7 Rc8 27. Rxb5 Rgf8 28. Rc5 Bc6 29. Ke3 Rf7 30. Rc2 Re7 31. h4 Rf7 32. Rc1 h5 33. Rc2 Re7 34. Ra5 Bd5 35. Bh2 c6 36. Ra7+ Ke8 37. Rxe7+ Kxe7 38. Rb2 Rd8 39. Rb7+ Rd7 40. Rb6 Ra7 41. Bf4 Ra2 42. Rb7+ Ke8 43. Rg7 Ra3+ 44. Kf2 Ra2+ 45. Kg1 Ra1+ 46. Kh2 Rd1 47. Be5 Re1 48. Rg8+ Kf7 49. Rg7+ Kf8 50. Rg5 c5 51. Bd6+ Kf7 52. dxc5 Re2 53. Kg1 Rc2 54. Rxh5 Kf6 55. Rg5 Rc1+ 56. Kh2 Rc2 57. Be5+ Kf7 58. Rg7+ Kf8 59. Rg3 Kf7 60. Bd6 Kf6 61. h5 Bc4 62. h6 Bd3 63. Rg7 Rd2 64. Be7+ Ke5 65. h7 1-0


[Site "https://www.chess.com"]

[Event "Titled Tuesday Blitz October 11 Early 2022"]
[White "Ziatdinov, Raset"]
[Black "Hambleton, Aman"]
[WhiteFideId "2015323"]
[BlackFideId "2606577"]
[WhiteElo "2220"]
[BlackElo "2538"]
[Result "1-0"]
[Round "01"]
[TimeControl "180+1"]
[Date "2022.10.12"]
[WhiteClock "0:00:17"]
[BlackClock "0:00:03"]

1. Nc3 d5 2. d4 e6 3. Bf4 a6 4. e3 Bd6 5. Bxd6 Qxd6 6. Nf3 Nf6 7. Ne5 c5 8. Be2 Nc6 9. Nxc6 Qxc6 10. O-O O-O 11. a4 b6 12. Bf3 Bb7 13. Re1 Rfd8 14. h3 Qc7 15. Qd3 Rac8 16. g3 g6 17. h4 h5 18. Kg2 Kg7 19. Ra3 e5 20. Qd2 cxd4 21. exd4 e4 22. Bd1 Qd6 23. Rb3 Nd7 24. Ne2 Nf8 25. Qf4 Rc4 26. a5 b5 27. Qxd6 Rxd6 28. Rc3 Ne6 29. Rxc4 bxc4 30. c3 Rd8 31. Ba4 Rb8 32. Rb1 Kf6 33. b4 Bc8 34. Bc6 Nc7 35. Nf4 Be6 36. Ra1 Ke7 37. Re1 Kd6 38. Ba4 Bg4 39. Bc2 Bf3+ 40. Kg1 Rg8 41. Bd1 Bxd1 42. Rxd1 Nb5 43. Rc1 f6 44. Kg2 Nc7 45. Kh3 Ke7 46. Re1 Kf7 47. f3 Re8 48. fxe4 dxe4 49. Kg2 Nb5 50. Re3 f5 51. Nd5 Rd8 52. Nb6 Nd6 53. Re1 Ke6 54. Kf2 Rg8 55. d5+ Ke5 56. Nd7+ Kxd5 57. Nf6+ Ke6 58. Nxg8 Kf7 59. Rd1 Nb5 60. Rd7+ Kxg8 61. Ke3 Nxc3 62. Kf4 Nb5 63. Kg5 Kf8 64. Kf6 Ke8 65. Rd1 c3 66. Kxg6 e3 67. Re1 c2 68. Rxe3+ Kd7 69. Re1 Nd4 70. Rc1 Ke6 71. Kxh5 Kf6 72. b5 axb5 73. a6 b4 74. a7 b3 75. a8=Q b2 76. Qh8+ Ke6 77. Re1+ Kd5 78. Re5+ Kc4 79. Qc8+ Kd3 80. Qa6+ Kd2 81. Qa5+ Kd3 82. Qa3+ 1-0


[Site "https://www.chess.com"]

[Event "Titled Tuesday Blitz October 11 Early 2022"]
[White "Zierk, Steven"]
[Black "Miszler, Levente"]
[WhiteFideId "2034255"]
[BlackFideId "763276"]
[WhiteElo "2494"]
[BlackElo "2176"]
[Result "1-0"]
[Round "01"]
[TimeControl "180+1"]
[Date "2022.10.11"]
[WhiteClock "0:00:48"]
[BlackClock "0:00:16"]

1. e4 e6 2. d4 d5 3. Nd2 f5 4. exf5 exf5 5. Ndf3 Nf6 6. Bf4 Bd6 7. Bxd6 Qxd6 8. Bd3 O-O 9. Ne2 Ne4 10. c3 Nd7 11. Qc1 Ndf6 12. Ne5 Ng4 13. Nxg4 fxg4 14. Bxe4 dxe4 15. Qe3 Bd7 16. c4 Rae8 17. O-O Qg6 18. d5 b6 19. Ng3 h5 20. Rfe1 h4 21. Nf1 h3 22. g3 Rf3 23. Qd4 Ref8 24. Re2 Qf6 25. Qxf6 R8xf6 26. Nd2 Rd3 27. Nxe4 Rf8 28. Rae1 Bf5 29. Ng5 Bg6 30. Ne6 Rf6 31. Nxc7 Rd4 32. b3 Bd3 33. Rd2 Re4 34. Rxe4 Bxe4 35. d6 Rf8 36. d7 Bc6 37. d8=Q 1-0


[Site "https://www.chess.com"]

[Event "Titled Tuesday Blitz October 11 Early 2022"]
[White "Zou, Chen"]
[Black "Carrasco Miranda, Andres"]
[WhiteFideId "8610959"]
[BlackFideId "3405990"]
[WhiteElo "2325"]
[BlackElo "2183"]
[Result "1-0"]
[Round "01"]
[TimeControl "180+1"]
[Date "2022.10.12"]
[WhiteClock "0:00:56"]
[BlackClock "0:00:39"]

1. d4 Nf6 2. c4 g6 3. Nf3 Bg7 4. Nc3 d5 5. cxd5 Nxd5 6. e4 Nxc3 7. bxc3 O-O 8. Be2 c5 9. Rb1 Nc6 10. d5 Ne5 11. Nxe5 Bxe5 12. Qd2 e6 13. f4 Bc7 14. O-O exd5 15. exd5 Rb8 16. c4 Bf5 17. Bd3 Bxd3 18. Qxd3 Re8 19. Bb2 f6 20. f5 g5 21. Rbe1 Qd6 22. g3 Re7 23. Re6 Rxe6 24. fxe6 Rf8 25. Rxf6 Rxf6 26. Bxf6 Qa6 27. e7 1-0


[Site "https://www.chess.com"]

[Event "Titled Tuesday Blitz October 11 Early 2022"]
[White "Aarav Dengla"]
[Black "Klukin, Kirill"]
[WhiteFideId "45059756"]
[BlackFideId "24199273"]
[WhiteElo "2257"]
[BlackElo "2290"]
[Result "0-1"]
[Round "02"]
[TimeControl "180+1"]
[Date "2022.10.12"]
[WhiteClock "0:00:19"]
[BlackClock "0:00:23"]

1. e4 c5 2. Nf3 Nc6 3. Bb5 g6 4. Bxc6 bxc6 5. d3 Bg7 6. O-O d6 7. Nbd2 e5 8. c3 Ne7 9. Re1 O-O 10. Nf1 f5 11. h3 h6 12. exf5 Nxf5 13. Ne3 Kh7 14. Nxf5 Bxf5 15. d4 e4 16. Nd2 cxd4 17. cxd4 Qh4 18. Nf1 Bxh3 19. Ng3 Rxf2 20. Kxf2 Rf8+ 21. Kg1 Qxg3 22. Re2 Bg4 23. Qe1 Bxd4+ 24. Be3 Qe5 25. Rf2 Rf5 26. Rxf5 gxf5 27. Rc1 c5 28. Bxd4 Qxd4+ 29. Qf2 Kg7 30. Qxd4+ cxd4 31. Rc7+ Kf6 32. Rxa7 d3 33. Rd7 Ke6 0-1


[Site "https://www.chess.com"]

[Event "Titled Tuesday Blitz October 11 Early 2022"]
[White "Aguilar, Juan"]
[Black "Pershin, Denis"]
[WhiteFideId "3800091"]
[BlackFideId "24165506"]
[WhiteElo "2382"]
[BlackElo "2300"]
[Result "0-1"]
[Round "02"]
[TimeControl "180+1"]
[Date "2022.10.12"]
[WhiteClock "0:00:02"]
[BlackClock "0:00:13"]

1. d4 d5 2. c4 dxc4 3. e4 Nf6 4. Nc3 e5 5. Nf3 exd4 6. Qxd4 Qxd4 7. Nxd4 Bc5 8. Be3 c6 9. Bxc4 O-O 10. f3 Nbd7 11. O-O Ne5 12. Be2 Re8 13. Rfd1 Bd7 14. Rac1 Rad8 15. Na4 Bf8 16. Nc5 Bc8 17. Ndb3 b6 18. Nd3 Nxd3 19. Rxd3 c5 20. Rxd8 Rxd8 21. Nd2 Ne8 22. Nc4 Nc7 23. a4 Ne6 24. a5 b5 25. Ne5 a6 26. f4 c4 27. f5 Nd4 28. Kf2 Nb3 29. Rd1 Rxd1 30. Bxd1 Nxa5 31. Bb6 Nb7 32. Nc6 f6 33. Kf3 Bd6 34. Bc2 Kf7 35. h4 Bd7 36. Nd4 Be5 37. g4 h6 38. g5 hxg5 39. hxg5 fxg5 40. Ne2 Bxb2 41. Kg4 Bf6 42. Bd4 b4 43. e5 Be7 44. e6+ Bxe6 45. fxe6+ Kxe6 46. Bf5+ Kd5 47. Bxg7 Nd6 48. Bb1 c3 49. Kf3 Kc4 50. Ba2+ b3 51. Nxc3 bxa2 52. Nxa2 Kb3 53. Nc1+ Kc2 54. Ne2 Nb5 55. Ng3 a5 56. Kg4 a4 57. Ne4 a3 58. Nxg5 Bxg5 59. Kxg5 Nc3 60. Kg6 a2 0-1


[Site "https://www.chess.com"]

[Event "Titled Tuesday Blitz October 11 Early 2022"]
[White "Aizpurua, Patrick Emilio"]
[Black "Kovalenko, Igor"]
[WhiteFideId "6600522"]
[BlackFideId "14117908"]
[WhiteElo "2378"]
[BlackElo "2574"]
[Result "0-1"]
[Round "02"]
[TimeControl "180+1"]
[Date "2022.10.11"]
[WhiteClock "0:00:05"]
[BlackClock "0:01:52"]

1. d4 Nf6 2. Nf3 g6 3. c4 Bg7 4. g3 d6 5. Bg2 O-O 6. O-O Nc6 7. Nc3 a6 8. h3 Rb8 9. e4 b5 10. e5 Ne8 11. cxb5 axb5 12. Qe2 b4 13. Nb1 dxe5 14. dxe5 Nd4 15. Nxd4 Qxd4 16. Re1 c5 17. Nd2 Nc7 18. Nf3 Qd7 19. Be3 Ba6 20. Rad1 Qa4 21. Qd2 Ne6 22. b3 Qa5 23. Qc2 Rfc8 24. Ng5 Nxg5 25. Bxg5 e6 26. Rd7 c4 27. Qd2 Bb5 28. Re7 c3 29. Qf4 Be8 30. Bh6 Qc5 31. Bxg7 Qxe7 32. Bf6 Qf8 33. Be4 Bc6 34. Bc2 Bd5 35. h4 Ra8 36. Ra1 Ra3 37. h5 Rca8 38. hxg6 fxg6 39. Qg4 Qf7 40. Qxb4 Rxa2 41. Rxa2 Rxa2 42. Qxc3 Qc7 43. Qxc7 Ra1+ 44. Bd1 Rxd1+ 0-1


[Site "https://www.chess.com"]

[Event "Titled Tuesday Blitz October 11 Early 2022"]
[White "Alexikov, Alexander"]
[Black "Principe, Gerson"]
[WhiteFideId "14103958"]
[BlackFideId "3804550"]
[WhiteElo "2222"]
[BlackElo "2280"]
[Result "0-1"]
[Round "02"]
[TimeControl "180+1"]
[Date "2022.10.12"]
[WhiteClock "0:00:03"]
[BlackClock "0:00:29"]

1. e4 c5 2. Nf3 e6 3. Nc3 Nc6 4. Bb5 Nd4 5. Ba4 a6 6. Nxd4 cxd4 7. Ne2 b5 8. Bb3 Qb6 9. d3 Bb7 10. O-O d6 11. c3 dxc3 12. bxc3 Nf6 13. Be3 Qd8 14. f3 Be7 15. a4 O-O 16. axb5 axb5 17. Nd4 Qd7 18. Qd2 Rfc8 19. Qb2 d5 20. e5 Ne8 21. f4 b4 22. cxb4 Bxb4 23. Rxa8 Bxa8 24. Rc1 Bf8 25. Rxc8 Qxc8 26. Qc2 Qb8 27. Kf2 Nc7 28. h4 Na6 29. Nc6 Qb5 30. Ba4 Qb7 31. Nd8 Qb8 32. Nc6 Qc7 33. Nb4 Qa5 34. Nxa6 Qxa6 35. d4 Bb7 36. Bb3 Qb5 37. Qc3 Ba6 38. Bc2 h5 39. Kg3 Qe2 40. Kh2 Be7 41. Qd2 Qc4 42. g3 g6 43. Qf2 Bb4 44. Qg2 Qc3 45. Qf2 Bc4 46. Bb1 Qa1 0-1


[Site "https://www.chess.com"]

[Event "Titled Tuesday Blitz October 11 Early 2022"]
[White "Ali Abdullahi, Farah"]
[Black "Aaditya Dhingra"]
[WhiteFideId "16100212"]
[BlackFideId "25678191"]
[WhiteElo "2301"]
[BlackElo "2054"]
[Result "1/2-1/2"]
[Round "02"]
[TimeControl "180+1"]
[Date "2022.10.12"]
[WhiteClock "0:02:00"]
[BlackClock "0:00:56"]

1. d4 Nf6 2. Nf3 b6 3. c4 e6 4. a3 Bb7 5. Nc3 Be7 6. Bg5 O-O 7. Bxf6 Bxf6 8. e3 d6 9. Bd3 Nd7 10. h4 c5 11. Bxh7+ Kxh7 12. Ng5+ Kh6 13. Qd3 Bxg5 14. hxg5+ Kxg5 15. Qh7 Kf6 16. Qh4+ g5 17. Qh6+ Ke7 18. Qxg5+ f6 19. Rh7+ Rf7 20. Rxf7+ Kxf7 21. Qh5+ Kf8 22. Qh8+ Kf7 23. Qh7+ Ke8 24. Qh5+ Kf8 25. Qh8+ Ke7 26. Qg7+ Ke8 27. Qg6+ Kf8 28. Qh6+ Ke8 29. Qg6+ Ke7 30. Qg7+ Ke8 31. Qg6+ 1/2-1/2


[Site "https://www.chess.com"]

[Event "Titled Tuesday Blitz October 11 Early 2022"]
[White "Amgalantengis, Enkh-Amgalan"]
[Black "Shandrygin, Nikita"]
[WhiteFideId "4903536"]
[BlackFideId "24198668"]
[WhiteElo "1772"]
[BlackElo "2323"]
[Result "1-0"]
[Round "02"]
[TimeControl "180+1"]
[Date "2022.10.12"]
[WhiteClock "0:00:34"]
[BlackClock "0:00:02"]

1. d4 Nf6 2. c4 e6 3. Nf3 Bb4+ 4. Bd2 a5 5. g3 O-O 6. Bg2 c5 7. O-O d5 8. cxd5 Nxd5 9. a3 Bxd2 10. Qxd2 cxd4 11. Nxd4 Na6 12. Rd1 Qb6 13. e4 Ne7 14. Nc3 Bd7 15. Qe2 Rfd8 16. Ndb5 Bxb5 17. Nxb5 e5 18. Bf1 Nc6 19. Qe3 Qxe3 20. fxe3 Nc5 21. Bc4 Nxe4 22. Rf1 Rd7 23. Rad1 Rad8 24. Rxd7 Rxd7 25. Rc1 Kf8 26. Nc3 Nxc3 27. Rxc3 Rd1+ 28. Bf1 e4 29. Rb3 Ne5 30. Rxb7 Nf3+ 31. Kg2 Rd2+ 32. Kh3 h5 33. g4 Rxh2+ 34. Kg3 Rh1 35. Bc4 f5 36. gxf5 h4+ 37. Kf4 Nd2 38. Bd5 Ke8 39. Ke5 h3 40. Kd6 1-0


[Site "https://www.chess.com"]

[Event "Titled Tuesday Blitz October 11 Early 2022"]
[White "Andreev, Eduard"]
[Black "Samaganova, Aleksandra"]
[WhiteFideId "14103400"]
[BlackFideId "13800221"]
[WhiteElo "2368"]
[BlackElo "1864"]
[Result "0-1"]
[Round "02"]
[TimeControl "180+1"]
[Date "2022.10.12"]
[WhiteClock "0:00:01"]
[BlackClock "0:00:04"]

1. e4 c5 2. Nf3 e6 3. d4 cxd4 4. Nxd4 a6 5. Nc3 Qc7 6. Bd3 Nf6 7. f4 d6 8. Qe2 Nbd7 9. g4 h6 10. Bd2 b5 11. a3 Bb7 12. O-O-O Be7 13. g5 hxg5 14. fxg5 Nh5 15. g6 Bf6 16. gxf7+ Kxf7 17. Rdf1 Ne5 18. Nf3 Nxd3+ 19. Qxd3 Ke7 20. Rhg1 Raf8 21. Kb1 Qc4 22. Qe3 Kd7 23. e5 Bxe5 24. Nxe5+ dxe5 25. Rxf8 Rxf8 26. Qxe5 Rf1+ 27. Rxf1 Qxf1+ 28. Ka2 Qc4+ 29. b3 Qg4 30. Be3 Nf6 31. Bf4 Qg2 32. Kb2 Qc6 33. Qd4+ Ke7 34. Be5 Qd7 35. Qc5+ Kf7 36. h4 Nd5 37. Ne4 Nf6 38. Nd6+ Kg8 39. h5 Bd5 40. h6 Kh7 41. hxg7 Kxg7 42. Qf2 Qe7 43. Bxf6+ Qxf6+ 44. Qxf6+ Kxf6 45. Kc3 Ke7 46. Nc8+ Kd8 47. Nb6 Bf3 48. Kd4 Kc7 49. Kc5 Be4 50. c3 Bf3 51. b4 Bg2 52. a4 bxa4 53. Nxa4 Bf3 54. Nb2 Be2 55. c4 Bf3 56. Na4 Be2 57. Nc3 Bf1 58. Ne4 Be2 59. Ng5 Bg4 60. Kd4 Kd6 61. Ne4+ Kc6 62. Ke5 Kd7 63. Nc5+ Ke7 64. Nxa6 Be2 65. Kd4 Kd7 66. Nc5+ Kd6 0-1


[Site "https://www.chess.com"]

[Event "Titled Tuesday Blitz October 11 Early 2022"]
[White "Ardila, Oscar Humberto"]
[Black "Heinemann, Josefine"]
[WhiteFideId "4404742"]
[BlackFideId "12900460"]
[WhiteElo "1898"]
[BlackElo "2300"]
[Result "1-0"]
[Round "02"]
[TimeControl "180+1"]
[Date "2022.10.12"]
[WhiteClock "0:00:04"]
[BlackClock "0:00:07"]

1. d4 d5 2. c4 c6 3. Nc3 Nf6 4. Nf3 dxc4 5. a4 Bf5 6. e3 e6 7. Bxc4 Bb4 8. O-O O-O 9. Qb3 Qe7 10. Ne5 Nbd7 11. Nxd7 Nxd7 12. e4 Bg6 13. Re1 a5 14. Bf4 Nf6 15. Bg5 h6 16. Bxf6 Qxf6 17. Rad1 Rad8 18. d5 Bc5 19. Rd2 Qg5 20. Red1 exd5 21. exd5 Rd7 22. Be2 Rfd8 23. Bf3 Qh4 24. g3 Qf6 25. Ne4 Bxe4 26. Bxe4 b6 27. Qf3 Qxf3 28. Bxf3 g6 29. Kg2 Kg7 30. b3 h5 31. h4 Bb4 32. Rd3 cxd5 33. Bxd5 Rc8 34. Bc4 Rxd3 35. Rxd3 Rc7 36. Rf3 Bc5 37. Rf4 Rd7 38. Rf3 f5 39. Rf4 Rd2 40. Rf3 Kf6 41. Rf4 Ke5 42. Rf3 Rb2 43. Rf4 Be3 44. Rf3 Bd2 45. Bg8 Kf6 46. Bd5 Bb4 47. Bc4 Bc5 48. Bd5 Rd2 49. Bc4 Ke5 50. Bf7 Rb2 51. Bxg6 f4 52. Bxh5 fxg3 53. Kxg3 Kd6 54. Bf7 Bd4 55. h5 Be5+ 56. Kg4 Rb1 57. Kf5 Bb2 58. h6 Rh1 59. Kg6 Rg1+ 60. Kh7 Rh1 61. Bg6 Bc1 62. Rd3+ Kc5 63. Rc3+ Kb4 64. Rxc1 Rxc1 65. Kg7 Kxb3 66. h7 Rh1 67. Be8 Kb4 68. f4 Kc5 69. f5 1-0


[Site "https://www.chess.com"]

[Event "Titled Tuesday Blitz October 11 Early 2022"]
[White "Averjanov, Alexey"]
[Black "Rosenberg, Evan S"]
[WhiteFideId "14109867"]
[BlackFideId "2019299"]
[WhiteElo "2690"]
[BlackElo "2405"]
[Result "0-1"]
[Round "02"]
[TimeControl "180+1"]
[Date "2022.10.12"]
[WhiteClock "0:01:08"]
[BlackClock "0:00:09"]

1. d4 Nf6 2. c4 c5 3. d5 e5 4. Nc3 d6 5. e4 Be7 6. g3 h5 7. h4 Nbd7 8. Bh3 O-O 9. Be3 Rb8 10. a4 b6 11. b3 a6 12. Qd3 g6 13. Nf3 Ne8 14. Ng5 Ng7 15. Kf1 Nf6 16. Bxc8 Qxc8 17. f3 Nh7 18. Kg2 f6 19. Nxh7 Kxh7 20. f4 Qg4 21. Qe2 f5 22. Qxg4 fxg4 23. fxe5 dxe5 24. Rhf1 Bd6 25. Rxf8 Rxf8 26. Rf1 Rxf1 27. Kxf1 Ne8 28. a5 bxa5 29. Na4 Nf6 30. Nxc5 Bxc5 31. Bxc5 Nxe4 32. Bb6 a4 33. bxa4 Nd2+ 34. Ke2 Nxc4 35. Bc7 e4 36. d6 Ne5 37. Ke3 Kg7 38. Kxe4 Kf6 39. Kd5 Nd7 40. Bd8+ Kf5 41. Kc6 Ke6 42. Be7 Ne5+ 43. Kb6 Kd7 44. a5 g5 45. Bxg5 Nc4+ 46. Kxa6 Nxd6 47. Kb6 Nc4+ 48. Kb5 Nd6+ 49. Kc5 Ne4+ 50. Kb6 Nxg5 51. hxg5 h4 52. a6 hxg3 53. a7 g2 54. a8=Q g1=Q+ 55. Kb5 Qb1+ 56. Kc4 Qc2+ 57. Kd4 Qf2+ 58. Ke5 Qe3+ 59. Kf6 Qf3+ 60. Kg7 Qxa8 61. g6 Qc6 62. Kh7 Qxg6+ 63. Kxg6 g3 64. Kh7 g2 65. Kh8 g1=Q 66. Kh7 Qg5 67. Kh8 Ke7 68. Kh7 Kf7 69. Kh8 Qg8# 0-1


[Site "https://www.chess.com"]

[Event "Titled Tuesday Blitz October 11 Early 2022"]
[White "Baches Garcia, Guillermo"]
[Black "Lakshmi C"]
[WhiteFideId "2209764"]
[BlackFideId "25035347"]
[WhiteElo "2452"]
[BlackElo "1865"]
[Result "1-0"]
[Round "02"]
[TimeControl "180+1"]
[Date "2022.10.12"]
[WhiteClock "0:00:40"]
[BlackClock "0:00:03"]

1. e4 c5 2. Nf3 Nc6 3. d4 cxd4 4. Nxd4 Nf6 5. Nc3 e5 6. Ndb5 d6 7. Nd5 Nxd5 8. exd5 Nb8 9. a4 a6 10. Na3 Be7 11. Bd2 O-O 12. a5 f5 13. Nc4 f4 14. Nb6 Ra7 15. Bd3 Bf5 16. Bxf5 Rxf5 17. Qg4 g6 18. c4 Nd7 19. Nxd7 Qxd7 20. h4 Ra8 21. h5 g5 22. h6 Raf8 23. f3 Qc7 24. Rc1 Qc5 25. Ke2 Qd4 26. b3 e4 27. fxe4 Qxe4+ 28. Kd1 Bf6 29. Re1 Qd3 30. Qf3 Qxf3+ 31. gxf3 Re5 32. Kc2 Rfe8 33. Kd3 Rxe1 34. Rxe1 Be5 35. b4 Kf7 36. c5 dxc5 37. bxc5 Kf6 38. Bc3 Re7 39. d6 Re6 40. Rxe5 Rxe5 41. Bxe5+ Ke6 42. Kd4 1-0


[Site "https://www.chess.com"]

[Event "Titled Tuesday Blitz October 11 Early 2022"]
[White "Bacrot, Etienne"]
[Black "Goltsev, Dmitry"]
[WhiteFideId "605506"]
[BlackFideId "24176710"]
[WhiteElo "2666"]
[BlackElo "2257"]
[Result "1-0"]
[Round "02"]
[TimeControl "180+1"]
[Date "2022.10.11"]
[WhiteClock "0:00:37"]
[BlackClock "0:00:18"]

1. Nf3 d5 2. g3 c6 3. Bg2 Nf6 4. O-O g6 5. b3 Bg7 6. Bb2 O-O 7. c4 Ne4 8. Bxg7 Kxg7 9. d3 Nd6 10. Nc3 e6 11. e4 dxe4 12. dxe4 Qe7 13. Qd4+ f6 14. e5 Nf5 15. exf6+ Qxf6 16. Qxf6+ Rxf6 17. Rad1 Nd7 18. Ne4 Rf8 19. Rfe1 Nf6 20. Nc5 Re8 21. Ne5 Re7 22. Rd8 h5 23. Red1 a5 24. Na4 Rb8 25. Nb6 Rc7 26. c5 Ne7 27. Nec4 Ned5 28. Nd6 Nxb6 29. cxb6 Rd7 30. Ne8+ Kf7 31. R1xd7+ Nxd7 32. Rxc8 Rxc8 33. Nd6+ Kf6 34. Nxc8 Ke5 35. h4 Kd4 36. Bh3 Nc5 37. Ne7 Kc3 38. Nxg6 Kb2 39. g4 hxg4 40. Bxg4 Kxa2 41. h5 Ne4 42. h6 Ng5 43. Bd1 Kb2 44. Ne5 Kc1 45. f4 Nh7 46. Bg4 Nf8 47. Nxc6 Kb2 48. Nxa5 1-0


[Site "https://www.chess.com"]

[Event "Titled Tuesday Blitz October 11 Early 2022"]
[White "Baskakov, Egor"]
[Black "Jaskolka, Tomasz"]
[WhiteFideId "24197866"]
[BlackFideId "1170791"]
[WhiteElo "2211"]
[BlackElo "2126"]
[Result "1-0"]
[Round "02"]
[TimeControl "180+1"]
[Date "2022.10.12"]
[WhiteClock "0:00:41"]
[BlackClock "0:00:17"]

1. e4 d5 2. exd5 Nf6 3. Nf3 Bg4 4. Be2 Nxd5 5. d4 e6 6. O-O c6 7. c4 Nf6 8. Nc3 Be7 9. Bf4 Nbd7 10. Qd2 O-O 11. Rad1 Qa5 12. Nd5 Qd8 13. Nxe7+ Qxe7 14. Ne5 Bxe2 15. Qxe2 Nxe5 16. Bxe5 Rfd8 17. Rd3 Nd7 18. Bg3 Rac8 19. b3 Qf6 20. Rfd1 Qg6 21. h3 h6 22. Qe3 a6 23. d5 cxd5 24. cxd5 Nf8 25. dxe6 Rxd3 26. exf7+ Qxf7 27. Rxd3 Re8 28. Qd2 Ne6 29. Rd6 Ng5 30. Rd8 Ne4 31. Rxe8+ Qxe8 32. Qd5+ Kh8 33. Qxb7 Nd2 34. f4 Qe2 35. Qc8+ Kh7 36. Qf5+ Kh8 37. Qc8+ Kh7 38. Qc1 Qe3+ 39. Kh1 Qd3 40. Qd1 Qe3 41. Qe1 Qd3 42. f5 Ne4 43. Kh2 Nxg3 44. Qxg3 Qxf5 45. b4 h5 46. a4 Qc2 47. Qf3 Qxa4 48. Qxh5+ Kg8 49. Qd5+ Kf8 50. Qc5+ Kg8 51. h4 Kf7 52. h5 Qd1 53. Qf5+ Kg8 54. Qe6+ Kh7 55. Qg6+ Kg8 56. h6 Qd7 57. Qxg7+ Qxg7 58. hxg7 Kxg7 59. Kg3 Kg6 60. Kf4 Kf6 61. g4 Ke6 62. Ke4 Kd6 63. Kd4 Kc6 64. g5 Kd6 65. Kc4 Ke5 66. Kc5 Kf5 67. Kb6 Kxg5 68. Kxa6 Kf6 69. b5 Ke6 70. b6 Kd7 71. b7 Kc7 72. Ka7 Kd8 73. b8=Q+ Kd7 1-0


[Site "https://www.chess.com"]

[Event "Titled Tuesday Blitz October 11 Early 2022"]
[White "Bethke, Richard"]
[Black "Velikanov, Alexander"]
[WhiteFideId "12959243"]
[BlackFideId "2039290"]
[WhiteElo "2369"]
[BlackElo "2259"]
[Result "0-1"]
[Round "02"]
[TimeControl "180+1"]
[Date "2022.10.12"]
[WhiteClock "0:00:08"]
[BlackClock "0:00:11"]

1. e4 e5 2. Nf3 Nf6 3. d4 Nxe4 4. dxe5 d5 5. c4 Bb4+ 6. Nbd2 O-O 7. a3 Bc5 8. Nxe4 dxe4 9. Qxd8 Rxd8 10. Ng5 Bf5 11. f3 e3 12. e6 f6 13. Ne4 Bxe4 14. fxe4 Re8 15. Bd3 Nc6 16. b4 Rad8 17. Bb1 Bd4 18. Ra2 Rxe6 19. Ke2 a6 20. Rd1 Kf7 21. Bxe3 Red6 22. Bf4 Be5 23. Rxd6 Rxd6 24. g3 g5 25. Be3 Bd4 26. c5 Rd8 27. Rd2 Ke6 28. Bxd4 Rxd4 29. Ba2+ Ke5 30. Bd5 Nd8 31. Rxd4 Kxd4 32. Bg8 h6 33. Bh7 Kc3 34. Kf3 Kb3 35. Kg4 Kxa3 36. Kf5 Kxb4 37. Kxf6 Kxc5 38. e5 a5 39. e6 Nxe6 40. Kxe6 b5 41. Kf6 a4 42. Kg6 a3 43. Bg8 Kd4 44. Kxh6 c5 45. Kxg5 c4 46. h4 a2 47. h5 a1=Q 48. h6 Kc5 49. h7 Qh8 50. Kh6 Qf6+ 51. Kh5 Qg7 52. g4 b4 53. g5 b3 54. Bxc4 Kxc4 55. g6 b2 56. Kg5 b1=Q 0-1


[Site "https://www.chess.com"]